 Dungeon Crawl Stone Soup version 0.23.0 (webtiles) character file.

Game seed: 5899401327840398564

44 Gadfly the Bolt Thrower (level 3, -2/28 HPs)
             Began as a Formicid Hunter on Feb 12, 2019.
             Slain by an iguana (9 damage)
             ... on level 2 of the Dungeon.
             The game lasted 00:03:27 (1213 turns).

Gadfly the Bolt Thrower (Formicid Hunter)           Turns: 1213, Time: 00:03:28

Health: -2/28      AC:  6    Str: 17    XL:     3   Next: 87%
Magic:  3/3        EV: 11    Int: 10    God:
Gold:   90         SH:  0    Dex: 11    Spells: 2/2 levels left

rFire    . . .     SeeInvis +   j - +2 mace (holy)
rCold    . . .     Gourm    .   (no shield)
rNeg     . . .     Faith    .   n - +0 ring mail
rPois    .         Spirit   .   (helmet unavailable)
rElec    .         Reflect  .   (no cloak)
rCorr    .         Harm     .   e - +0 pair of gloves
MR       .....                  (no boots)
Stlth    +.........             (no amulet)
HPRegen  0.09/turn              (no ring)
MPRegen  0.08/turn              (no ring)

@: no status effects
A: permanent stasis, dig shafts and tunnels, four strong arms, antennae 3
a: Dig, Shaft Self


You were on level 2 of the Dungeon.
You were not hungry.

You visited 1 branch of the dungeon, and saw 2 of its levels.

You collected 90 gold pieces.

Inventory:

Hand Weapons
 a - a +1 hand crossbow
 j - a +2 mace of holy wrath (weapon)
Missiles
 d - 20 bolts
Armour
 e - a +0 pair of gloves (worn)
 n - a +0 ring mail (worn)
Scrolls
 b - 3 scrolls of teleportation {unknown}
 h - 4 scrolls of immolation {unknown}
 i - 4 scrolls of fear {unknown}
 m - a scroll of magic mapping {unknown}
Potions
 k - a potion of curing {unknown}
 l - a potion of brilliance {unknown}
Comestibles
 f - a ration
 g - 5 chunks of flesh


   Skills:
 + Level 2.6 Fighting
 * Level 1.3 Maces & Flails
 + Level 4.2 Crossbows
 * Level 1.8 Armour
 - Level 1.7 Dodging
 - Level 1.2 Stealth


You had 2 spell levels left.
You didn't know any spells.
Your spell library was empty.

Dungeon Overview and Level Annotations

Branches:
Dungeon (2/15)

Altars:


Innate Abilities, Weirdness & Mutations

You cannot be hasted, slowed, berserked, paralysed or teleported.
You can dig through walls and to a lower floor.
Your four strong arms can wield two-handed weapons with a shield.
You have a pair of large antennae on your head. (SInv)


Message History

You are too injured to fight recklessly!
You are too injured to fight recklessly!
You are too injured to fight recklessly!
You are too injured to fight recklessly!
You hit the iguana.
The iguana is moderately wounded.
The iguana bites you but does no damage.
You hit the iguana.
The iguana is severely wounded.
The iguana bites you.
* * * LOW HITPOINT WARNING * * *
The iguana barely misses you.
You closely miss the iguana.
The iguana is severely wounded.
The iguana bites you.
* * * LOW HITPOINT WARNING * * *
You closely miss the iguana.
The iguana is severely wounded.
The iguana bites you!
You die...

#..###.##.##
#.........##
#.###..÷#..#
#.###.#.....
#########.........#.
#..........###.PP...
#####.###......##..P♣♣PP
..........#[...#....♣..P
.###.#@###.##.....♣♣♣♣P
#..l# #.###.P♣♣♣ ♣♣
......# #.# #.PP ♣...
##.....# ..# #.... ♣P..
#####.. ##. ..#..P♣...
#.. .... #P♣♣.P. #..
.... ...P.. ...# ....
#####


You could see an iguana.

Vanquished Creatures
  A gnoll (D:1)
  An adder (D:2)
  A dart slug (D:1)
  3 giant cockroaches
  2 goblins
  2 hobgoblins (D:1)
  2 jackals (D:1)
  3 bats
  2 frilled lizards (D:1)
  3 kobolds (D:1)
  5 rats
25 creatures vanquished.

Notes
Turn   | Place    | Note
-------+----------+-------------------------------------------
     0 | D:1      | Gadfly the Formicid Hunter began the quest for the Orb.
     0 | D:1      | Reached XP level 1. HP: 16/16 MP: 1/1
   419 | D:1      | Reached skill level 1 in Armour
   419 | D:1      | Reached XP level 2. HP: 21/23 MP: 2/2
   706 | D:1      | Reached skill level 1 in Maces & Flails
   706 | D:1      | Reached XP level 3. HP: 22/28 MP: 3/3
  1213 | D:2      | Slain by an iguana

Skill      XL: |  1  2 |
---------------+-------+-----
Armour         | 1 |  1.8
Maces & Flails | 1 |  1.3
Fighting       | |  2.6
Crossbows      | |  4.2
Dodging        | |  1.7
Stealth        | |  1.2

Action                   || total
-------------------------++-------
Melee: Short sword       ||    36
       Mace              ||    70
 Stab: Sleeping          ||     1
  Eat: Chunk             ||     1
Armor: Leather armour    ||    52
       Ring mail         ||     1
Dodge: Dodged            ||    79
